[Event "Early-Titled-Tuesday-Blitz-September-05-2023"]
[Site "Chess.com"]
[Date "2023.09.05"]
[Round "11"]
[White "MathiasWomacka"]
[Black "stepanosinovsky"]
[Result "0-1"]
[WhiteElo "2468"]
[BlackElo "2330"]
[TimeControl "180+1"]
[EndTime "10:05:45 PDT"]
[Termination "stepanosinovsky won by resignation"]

1. e4 e5 2. Nf3 Nc6 3. Bb5 a6 4. Bxc6 dxc6 5. O-O Bg4 6. h3 h5 7. d3 Qf6 8. Nbd2 Bd6 9. Re1 Ne7 10. d4 Ng6 11. hxg4 hxg4 12. Nh2 Rxh2 13. Qxg4 Rh4 14. Qf5 exd4 15. Nf3 Rh7 16. Bg5 Qxf5 17. exf5+ Ne7 18. f6 gxf6 19. Bxf6 c5 20. Ng5 Rh6 21. Ne4 Kd7 22. g3 Nd5 23. Bg5 Rg6 24. Bd2 f5 25. Nxd6 cxd6 26.
Kg2 b5 27. a4 b4 28. Rh1 f4 29. Rh7+ Kc6 30. Rah1 fxg3 31. fxg3 Rag8 32. R1h3 Re8 33. Kf3 Rge6 34. Bf4 Nxf4 35. gxf4 Re2 36. Ra7 R8e3+ 37. Kg4 Rg2+ 38. Kh4 Rxc2 39. Rxa6+ Kd5 40. f5 Rxh3+ 41.
Kxh3 d3 42. f6 Rf2 43. Kg3 Rxf6 0-1

[Event "Early-Titled-Tuesday-Blitz-September-05-2023"]
[Site "Chess.com"]
[Date "2023.09.05"]
[Round "11"]
[White "ferrufino64"]
[Black "noblerone"]
[Result "0-1"]
[WhiteElo "2184"]
[BlackElo "2528"]
[TimeControl "180+1"]
[EndTime "10:05:46 PDT"]
[Termination "noblerone won by checkmate"]

1. e4 d5 2. exd5 Qxd5 3. Nc3 Qd8 4.
d4 Nf6 5. h3 Bf5 6. Nf3 c6 7.
Bd3 Bxd3 8. Qxd3 e6 9. Bd2 Nbd7 10. O-O-O Be7 11. Rhe1 Nd5 12. Ne4 h6 13. Kb1 N7f6 14. Nxf6+ Bxf6 15. c4 Ne7 16. Qe4 Qc7 17. Bf4 Qa5 18.
g4 O-O-O 19. h4 g5 20. Bd2 Qa6 21. hxg5 hxg5 22. b3 Rhg8 23. Bb4 Qb6 24. Bc5 Qc7 25. Ne5 Ng6 26. Nxg6 Rxg6 27. Bb4 Rgg8 28. f3 Rge8 29. Bc3 Be7 30. Rd3 Bd6 31. Red1 Bf4 32. a4 Qb6 33. Ka2 Rh8 34. Qe1 Rh2+ 35. Ka3 Qc7 36. Ba5 b6 37. Bc3 Bd6+ 38. b4 a5 39. Kb3 axb4 40. Bxb4 Bxb4 41. Qxb4 Rdh8 42. d5 cxd5 43. cxd5 Qc2+ 44. Ka3 Qa2# 0-1

[Event "Early-Titled-Tuesday-Blitz-September-05-2023"]
[Site "Chess.com"]
[Date "2023.09.05"]
[Round "11"]
[White "Mops_2004"]
[Black "lamomiajunior"]
[Result "1-0"]
[WhiteElo "2832"]
[BlackElo "2697"]
[TimeControl "180+1"]
[EndTime "10:05:49 PDT"]
[Termination "Mops_2004 won on time"]

1. g3 d5 2. Nf3 Nf6 3. Bg2 c6 4. O-O Bg4 5. h3 Bxf3 6. Bxf3 e6 7. d3 Nbd7 8. Bg2 Bd6 9. e4 O-O 10. Qe2 a5 11. Nc3 Qc7 12. f4 dxe4 13. dxe4 e5 14. f5 b5 15. g4 b4 16. Nd1 h6 17. h4 Qb6+ 18. Kh1 Qb5 19. Qf3 Nc5 20. Nf2 Qc4 21. g5 hxg5 22. hxg5 Nh7 23. Be3 Be7 24. f6 gxf6 25.
gxf6 Bxf6 26. Bh3 Ne6 27. Bf5 Nhg5 28. Qg3 Nf4 29. Ng4 Kg7 30. Bxf4 exf4 31. Qxf4 Rh8+ 32. Kg2 Bd8 33. Rf2 f6 34. Rd1 Ra7 35. Rd3 Bb6 36. Nxf6 Kxf6 37. Be6+ Kg7 38. Qf6+ Kh7 39. Bxc4 1-0

[Event "Early-Titled-Tuesday-Blitz-September-05-2023"]
[Site "Chess.com"]
[Date "2023.09.05"]
[Round "11"]
[White "MrBad74"]
[Black "CraiggoryC"]
[Result "0-1"]
[WhiteElo "2327"]
[BlackElo "2228"]
[TimeControl "180+1"]
[EndTime "10:05:50 PDT"]
[Termination "CraiggoryC won by checkmate"]

1. e4 e6 2. d4 d5 3. Nc3 Bb4 4. e5 c5 5. a3 Bxc3+ 6. bxc3 Ne7 7. h4 Qa5 8. Bd2 Nbc6 9. h5 Bd7 10. h6 gxh6 11. Nf3 O-O-O 12. a4 Ng8 13. c4 Qc7 14. cxd5 Nxd4 15. d6 Qc6 16. Nxd4 cxd4 17. Qf3 f6 18. exf6 Qxf3 19. gxf3 Nxf6 20. Rxh6 Nd5 21. Bd3 Bc6 22. Rxe6 Rde8 23. Rxe8+ Rxe8+ 24. Kf1 Kd7 25. Bxh7 Kxd6 26. Bd3 Kc5 27. a5 a6 28. Re1 Rxe1+ 29.
Kxe1 Nb4 30. Bxb4+ Kxb4 31. f4 Kxa5 32. f5 Kb4 33. Kd1 Kc3 34. Kc1 a5 35. f6 Be8 36.
Bb5 Bf7 37. Ba4 d3 38. Bb3 Bg6 39. f4 d2+ 40. Kd1 Bh5# 0-1

[Event "Early-Titled-Tuesday-Blitz-September-05-2023"]
[Site "Chess.com"]
[Date "2023.09.05"]
[Round "11"]
[White "Msb2"]
[Black "shimastream"]
[Result "0-1"]
[WhiteElo "3090"]
[BlackElo "2981"]
[TimeControl "180+1"]
[EndTime "10:05:51 PDT"]
[Termination "shimastream won by checkmate"]

1. d4 d6 2. Nf3 g6 3. c4 Bg7 4.
Nc3 Nf6 5. e4 O-O 6. Be2 e5 7.
Be3 Nbd7 8. O-O Qe7 9. Qc2 a6 10. Rad1 exd4 11. Nxd4 Re8 12. f3 c5 13. Nb3 Ne5 14. Qd2 Be6 15. Qxd6 Qxd6 16. Rxd6 Bxc4 17. Bxc5 Bxb3 18. axb3 Bf8 19. Rxf6 Bxc5+ 20. Kh1 Kg7 21.
Nd5 Rad8 22. Rf4 Nc6 23. Rh4 Bd4 24. Bd3 Bxb2 25. f4 Ne7 26. Bc4 b5 27. Nxe7 bxc4 28. Nc6 c3 29. Nxd8 Rxd8 30. f5 c2 31. f6+ Bxf6 32.
Rhf4 Rd1 33. Rxf6 c1=Q 34. Rxf7+ Kh6 35. Kg1 Qe3+ 36. Kh1 Rxf1+ 37. Rxf1 Qxb3 38. h3 a5 39. Rf4 a4 40. e5 a3 41. e6 Qxe6 42. Rh4+ Kg7 43.
Ra4 Qe1+ 44. Kh2 Qe5+ 45. Kh1 Qb2 46. Ra7+ Kh6 47. Ra4 a2 48. Rh4+ Kg7 49. Rxh7+ Kxh7 50. Kh2 Qe5+ 51. Kg1 a1=Q+ 52. Kf2 Qad4+ 53. Kf1 Qef4+ 54. Ke2 Qff2# 0-1

[Event "Early-Titled-Tuesday-Blitz-September-05-2023"]
[Site "Chess.com"]
[Date "2023.09.05"]
[Round "11"]
[White "Gauravthegm"]
[Black "Bobbybunny"]
[Result "0-1"]
[WhiteElo "2410"]
[BlackElo "2198"]
[TimeControl "180+1"]
[EndTime "10:05:51 PDT"]
[Termination "Bobbybunny won by resignation"]

1. e4 c5 2. Nf3 g6 3. c3 Nc6 4. d4 d5 5. e5 Bg4 6. Be2 cxd4 7. cxd4 e6 8. O-O Qb6 9. Be3 Nge7 10. Nc3 Nf5 11.
Na4 Qd8 12. Qb3 Bxf3 13. Bxf3 Nxe3 14. fxe3 Rb8 15. Rac1 Be7 16. Nc5 O-O 17. Nd3 Bg5 18. Nf2 Na5 19. Qd3 Nc4 20. Rfe1 Nxb2 21. Qb3 Nc4 22.
Ng4 h5 23. Nf2 b5 24. Qd3 Qa5 25. Nh3 Bh6 26. Nf4 Bxf4 27. exf4 Qd2 28. Qxd2 Nxd2 29. Be2 Nc4 30. Rb1 a5 31. Rb3 Rfc8 32. Kf2 b4 33. Rc1 Nd2 34. Rxc8+ Rxc8 35. Rb2 Ne4+ 36. Kg1 Rc1+ 37.
Bf1 a4 38. g3 a3 39. Re2 Nc3 40. Rd2 Ra1 41. Kg2 Rxa2 42. Rxa2 Nxa2 43. Bd3 Nc1 44. Bb1 a2 45. Bxa2 Nxa2 0-1

[Event "Early-Titled-Tuesday-Blitz-September-05-2023"]
[Site "Chess.com"]
[Date "2023.09.05"]
[Round "11"]
[White "Orlov_Oleg"]
[Black "SaiHanThiha"]
[Result "1-0"]
[WhiteElo "2595"]
[BlackElo "2465"]
[TimeControl "180+1"]
[EndTime "10:05:52 PDT"]
[Termination "Orlov_Oleg won by checkmate"]

1. e4 c6 2. d4 d5 3. Nc3 dxe4 4.
Nxe4 Nf6 5. Nxf6+ exf6 6. Be3 Bd6 7. Bd3 O-O 8. Nf3 Re8 9. O-O Bg4 10. h3 Bh5 11. Be2 Nd7 12. Nh4 Bxe2 13. Qxe2 Nf8 14. Qg4 Bc7 15. Nf5 g6 16. Nh6+ Kg7 17. c4 Qd7 18. Qf3 Ne6 19. Ng4 f5 20. Bh6+ Kh8 21. Nf6 Qxd4 22. Nxe8 Rxe8 23. b3 Qe5 24. g3 Nd4 25. Qd3 Ne2+ 26. Kg2 f4 27. Rae1 fxg3 28. fxg3 Rd8 29. Qf3 Re8 30. Bf4 Qb2 31. Rf2 Bxf4 32. Rexe2 Rxe2 33. Rxe2 Bd2 34. Qd3 Qxa2 35. Qd8+ Kg7 36.
Qd4+ f6 37. Qxd2 Qxb3 38. Re7+ Kf8 39. Qd8# 1-0

[Event "Early-Titled-Tuesday-Blitz-September-05-2023"]
[Site "Chess.com"]
[Date "2023.09.05"]
[Round "11"]
[White "HouseOfDurin"]
[Black "Gyulamiryan-koryun"]
[Result "1-0"]
[WhiteElo "2261"]
[BlackElo "2055"]
[TimeControl "180+1"]
[EndTime "10:05:52 PDT"]
[Termination "HouseOfDurin won on time"]

1. d4 Nf6 2. Bg5 d5 3. Bxf6 exf6 4. c4 Bb4+ 5. Nc3 c6 6. cxd5 Qxd5 7. e3 O-O 8. Ne2 Qa5 9. a3 Bd6 10. b4 Qc7 11. g3 Bg4 12. Bg2 Nd7 13. Rc1 Nb6 14. O-O Rad8 15. Nb5 Qd7 16. Nxd6 Qxd6 17. Qc2 Qd7 18.
Rfd1 Nd5 19. Rd2 Rfe8 20. Nc3 Nb6 21. Na4 h5 22. Nc5 Qc8 23. e4 h4 24. f3 h3 25. Bh1 Bh5 26. Rcd1 Bg6 27. f4 Nd5 28. Qb3 Nc7 29. Re1 b6 30. Na4 f5 31. e5 Ne6 32. Qc3 c5 33. bxc5 bxc5 34. d5 Nd4 35. Qxc5 Nb3 36. Qxc8 Rxc8 37. Rd3 Nc5 38. Nxc5 Rxc5 39.
d6 Rd8 40. Red1 f6 41. e6 Ra5 42. Bc6 Be8 43. d7 Bxd7 44. Bxd7 1-0

[Event "Early-Titled-Tuesday-Blitz-September-05-2023"]
[Site "Chess.com"]
[Date "2023.09.05"]
[Round "11"]
[White "Boorchess"]
[Black "Kapitan_Bayan"]
[Result "1/2-1/2"]
[WhiteElo "2561"]
[BlackElo "2194"]
[TimeControl "180+1"]
[EndTime "10:05:53 PDT"]
[Termination "Game drawn - insufficient material"]

1. d4 d5 2. c4 dxc4 3. e3 e6 4.
Bxc4 c5 5. Nf3 Nf6 6. O-O a6 7. dxc5 Bxc5 8. Qxd8+ Kxd8 9. Be2 Ke7 10. Nbd2 Bd7 11.
Ne5 Nc6 12. Nxd7 Nxd7 13. Ne4 e5 14. Nxc5 Nxc5 15. b3 Nb4 16. Ba3 a5 17. Rfc1 b6 18. Rc4 Rhd8 19. Bf3 Ra7 20. Bxb4 axb4 21. Rxb4 e4 22.
Bxe4 Rxa2 23. Rf1 Rdd2 24. Bb1 Rab2 25. Rxb6 Nxb3 26. Be4 Nc5 27. Rxb2 Rxb2 28. Bb1 Ke6 29. g3 Nd7 30. Kg2 Ne5 31. h3 Nc4 32. Re1 Kf6 33.
g4 Nxe3+ 34. Rxe3 Rxb1 35. Rf3+ Kg6 36. h4 Rb4 37. Kg3 f6 38. Rc3 h5 39. f3 Kh6 40.
Rc6 hxg4 41. fxg4 Rb3+ 42. Kf4 Rh3 43. g5+ Kg6 44. gxf6 gxf6 45. Kg4 Rb3 46. h5+ Kg7 47. h6+ Kxh6 48. Rxf6+ Kg7 49. Rf4 Rb7 50. Kh4 Rf7 51.
Kg4 Rxf4+ 52. Kxf4 1/2-1/2

[Event "Early-Titled-Tuesday-Blitz-September-05-2023"]
[Site "Chess.com"]
[Date "2023.09.05"]
[Round "11"]
[White "assezde36"]
[Black "BlueWizzard"]
[Result "1-0"]
[WhiteElo "2812"]
[BlackElo "2908"]
[TimeControl "180+1"]
[EndTime "10:05:54 PDT"]
[Termination "assezde36 won on time"]

1. d4 b6 2. Nf3 Bb7 3. g3 g6 4.
Bg2 Bg7 5. O-O e6 6. c4 Ne7 7. Nc3 d6 8. e4 Nd7 9. Bg5 h6 10.
Be3 O-O 11. Qd2 Kh7 12. Rad1 f5 13. d5 Nc5 14. Nd4 Qc8 15. b4 e5 16. Nc6 Bxc6 17. dxc6 f4 18. bxc5 fxe3 19. fxe3 bxc5 20. Rxf8 Qxf8 21.
Nd5 Nxd5 22. Qxd5 Qg8 23. Rb1 Qd8 24. h4 g5 25. h5 g4 26. Rb7 Qe7 27. Qd1 Qg5 28.
Rxc7 Qxe3+ 29. Kh2 Qg5 30. Qxd6 Qxh5+ 31. Kg1 Qg5 32. Qe7 Qxe7 33. Rxe7 Rc8 34. c7 Kg6 35.
Bf1 Kf6 36. Rd7 h5 37. Be2 Bh6 38. Bd1 Ke6 39. Ba4 Be3+ 40. Kf1 Rf8+ 41. Ke2 h4 42.
Rd8 1-0

[Event "Early-Titled-Tuesday-Blitz-September-05-2023"]
[Site "Chess.com"]
[Date "2023.09.05"]
[Round "11"]
[White "farzadbfd"]
[Black "malakismayil"]
[Result "0-1"]
[WhiteElo "2695"]
[BlackElo "2553"]
[TimeControl "180+1"]
[EndTime "10:05:57 PDT"]
[Termination "malakismayil won by checkmate"]

1. d4 Nf6 2. Nf3 d5 3. c4 e6 4.
Nc3 Be7 5. Bg5 O-O 6. e3 a6 7.
cxd5 exd5 8. Bd3 h6 9. Bh4 c6 10. O-O Bg4 11. Rb1 Nbd7 12. b4 Rc8 13. Na4 Ne4 14.
Bxe7 Qxe7 15. Qc2 Bxf3 16. gxf3 Nd6 17. Nc5 Nb6 18. Kh1 Nbc4 19. Rg1 Kh8 20. Rg3 f5 21. Rbg1 Rf7 22. e4 fxe4 23. fxe4 b6 24. e5 bxc5 25. bxc5 Nb5 26. Qd1 Rcf8 27. Bb1 Qh4 28.
Qd3 Qe4+ 29. Qxe4 dxe4 30. Bxe4 Nxd4 31. Rg4 Nxe5 32. R4g2 Ne2 33. Re1 Nf4 34. Rg3 Re7 35. Ra3 Rfe8 36. Rxa6 Ned3 37. Re3 Rxe4 38. Rxc6 Nxf2+ 39. Kg1 Rxe3 40. Kxf2 Nh3+ 41. Kg2 Rf8 42. Rd6 Rf2+ 43.
Kh1 Re1# 0-1

[Event "Early-Titled-Tuesday-Blitz-September-05-2023"]
[Site "Chess.com"]
[Date "2023.09.05"]
[Round "11"]
[White "Darius321"]
[Black "Actuary44"]
[Result "1/2-1/2"]
[WhiteElo "2342"]
[BlackElo "2512"]
[TimeControl "180+1"]
[EndTime "10:05:57 PDT"]
[Termination "Game drawn - insufficient material"]

1. e4 c5 2. Nf3 d6 3. Bb5+ Nc6 4. O-O g6 5. c3 Bg7 6. d4 cxd4 7. cxd4 Bd7 8. h3 Nf6 9. Nc3 O-O 10. Re1 h6 11. Be3 a6 12. Ba4 Qa5 13. Bb3 Rac8 14. Qd2 Qh5 15. Bd1 Bxh3 16. gxh3 Qxh3 17. Nh2 b5 18.
Bf3 e5 19. Bg2 Qh5 20. d5 Nd4 21. Bxd4 exd4 22. Ne2 d3 23. Ng3 Qe5 24. Nf3 Qe7 25. Qxd3 Ng4 26. Rac1 Bxb2 27. Rxc8 Rxc8 28. Qe2 Bg7 29. Bh3 h5 30. Nh2 Bc3 31. Nxg4 hxg4 32. Bxg4 f5 33. exf5 Qxe2 34. Rxe2 gxf5 35. Nxf5 Rd8 36.
Re6 Be5 37. Kg2 Kf7 38. Kf3 Rh8 39. Ke4 Rh2 40. f4 Bf6 41. Nxd6+ Kg6 42. Bf5+ Kg7 43. Bg4 Rxa2 44. Nf5+ Kg6 45. d6 Ra4+ 46. Kd5 Rxf4 47. d7 Rxg4 48. Rxf6+ Kxf6 49. d8=Q+ Kxf5 50. Qd7+ Kf4 51. Qd6+ Ke3 52. Qxa6 Rg5+ 53. Kc6 Rg6+ 54. Kxb5 Rxa6 55. Kxa6 1/2-1/2

[Event "Early-Titled-Tuesday-Blitz-September-05-2023"]
[Site "Chess.com"]
[Date "2023.09.05"]
[Round "11"]
[White "Der_Balak_3Halak"]
[Black "dosto07"]
[Result "1-0"]
[WhiteElo "2430"]
[BlackElo "2495"]
[TimeControl "180+1"]
[EndTime "10:05:58 PDT"]
[Termination "Der_Balak_3Halak won by resignation"]

1. e4 e5 2. Nf3 Nc6 3. Bb5 a6 4.
Bxc6 dxc6 5. O-O Bg4 6. h3 Bh5 7.
d3 f6 8. c3 c5 9. Nbd2 Ne7 10.
Qb3 Rb8 11. Qc2 Nc6 12. a3 a5 13. b3 Be7 14. Bb2 O-O 15. Rad1 Qd7 16. Rfe1 Rbd8 17.
Re3 Kh8 18. Nf1 Qe6 19. Ng3 Bf7 20. Nd2 g6 21. a4 Qd7 22. Nf3 Qe6 23. Nd2 Qd7 24.
Nc4 Rfe8 25. Ree1 Bf8 26. Ne2 Bg7 27. d4 exd4 28. cxd4 cxd4 29. Nxd4 Nxd4 30. Bxd4 Qe6 31. Nxa5 b6 32. Nc4 Rd7 33. Bb2 Red8 34. f3 Kg8 35.
Kh1 Qe7 36. Ne3 Rxd1 37. Rxd1 Rxd1+ 38. Qxd1 Qc5 39. Nd5 Bxd5 40. Qxd5+ Qxd5 41. exd5 Kf8 42. b4 Ke7 43. a5 bxa5 44. bxa5 Kd7 45. a6 Kc8 46. g4 Kb8 47. Bd4 Bf8 48. Bxf6 Ka7 49.
Be5 Bd6 50. Bxd6 cxd6 51. f4 Kxa6 52. f5 gxf5 53. gxf5 Kb7 54. f6 Kc7 55. f7 Kd7 56.
f8=Q 1-0

[Event "Early-Titled-Tuesday-Blitz-September-05-2023"]
[Site "Chess.com"]
[Date "2023.09.05"]
[Round "11"]
[White "Roman_Ovetchkin"]
[Black "PeshkaCh"]
[Result "1-0"]
[WhiteElo "2671"]
[BlackElo "2771"]
[TimeControl "180+1"]
[EndTime "10:06:00 PDT"]
[Termination "Roman_Ovetchkin won on time"]

1. d4 Nf6 2. c4 e6 3. g3 d5 4. Bg2 Be7 5. Nf3 O-O 6. Qc2 dxc4 7.
Qxc4 a6 8. Bf4 Bd7 9. Bxc7 Qc8 10. Nbd2 Bb5 11. Qc1 Nc6 12. Bf4 Nb4 13. Kd1 Qxc1+ 14.
Rxc1 Rac8 15. Rxc8 Rxc8 16. a3 Ba4+ 17. b3 Na2 18. e3 Bb5 19. Nc4 Ne4 20. Rf1 g5 21. Be5 f6 22. Bh3 Kf7 23. Nfd2 Nac3+ 24. Kc2 fxe5 25.
Nxe5+ Kg7 26. Ndc4 Bf6 27. Bxe6 Rc7 28. f4 gxf4 29.
gxf4 Bxe5 30. fxe5 Re7 31. d5 Nxd5 32. Bxd5 Nc5 33.
Rg1+ Kh6 34. b4 Bxc4 35. Bxc4 Nd7 36. e6 Nf8 37. Rf1 Ng6 38. Rf7 Re8 39. Rxb7 Rc8 40. Kb3 Rf8 41. Bd5 Rf1 42. e7 Re1 43. e8=Q Rb1+ 44. Ka4 1-0

[Event "Early-Titled-Tuesday-Blitz-September-05-2023"]
[Site "Chess.com"]
[Date "2023.09.05"]
[Round "11"]
[White "effefe"]
[Black "brm72"]
[Result "0-1"]
[WhiteElo "2346"]
[BlackElo "2530"]
[TimeControl "180+1"]
[EndTime "10:06:00 PDT"]
[Termination "brm72 won by checkmate"]

1. d4 d5 2. c4 e6 3. Nc3 c6 4.
Nf3 dxc4 5. a4 Bb4 6. e3 b5 7.
Be2 Bb7 8. O-O a6 9. Ne5 Nf6 10. f4 Qc8 11. Bf3 Nbd7 12. Ne4 Nd5 13. Qe2 f6 14.
Bh5+ g6 15. Nxg6 hxg6 16. Bxg6+ Ke7 17. f5 e5 18. g4 c5 19. g5 Rh4 20. gxf6+ N7xf6 21. Nxf6 Nxf6 22. dxe5 Rg4+ 23. Qxg4 Nxg4 24. e4 c3 25.
Bg5+ Kf8 26. Rad1 c2 27. Rd3 c4 28. Rg3 Qc5+ 29. Kg2 Bxe4+ 30. Kh3 Nf2+ 31. Kh4 Qxe5 32. Rxf2 Bd6 33. Bh6+ Ke7 34. f6+ Qxf6+ 35. Rxf6 Bxg3+ 36.
hxg3 Kxf6 37. Bxe4 Rh8 38. Bxc2 Rxh6+ 39. Kg4 Rh1 40. axb5 axb5 41. Be4 Rc1 42. Bc6 b4 43. Ba4 c3 44. bxc3 Rxc3 45. Kf4 Ra3 46. Bb5 b3 47.
Ke4 b2 48. Bd3 Ra1 49. Bc2 b1=Q 50. Bxb1 Rxb1 51. Kf4 Kg7 52. g4 Rg1 53. Kg5 Rc1 54. Kh5 Rc5+ 55. g5 Rc4 56. g6 Rc5+ 57. Kh4 Kxg6 58.
Kg4 Rc4+ 59. Kh3 Kf5 60. Kg3 Rc3+ 61. Kh4 Rd3 62. Kh5 Rh3# 0-1

[Event "Early-Titled-Tuesday-Blitz-September-05-2023"]
[Site "Chess.com"]
[Date "2023.09.05"]
[Round "11"]
[White "kushbhagat2009"]
[Black "ckgchess"]
[Result "1-0"]
[WhiteElo "2651"]
[BlackElo "2841"]
[TimeControl "180+1"]
[EndTime "10:06:01 PDT"]
[Termination "kushbhagat2009 won by resignation"]

1. d4 Nf6 2. Bf4 d5 3. e3 c5 4. Nf3 Nc6 5. Nbd2 cxd4 6. exd4 Bf5 7. Bb5 e6 8. O-O Bd6 9. Bxd6 Qxd6 10. Ne5 O-O 11.
Bxc6 bxc6 12. Nb3 Ne8 13. Re1 Nc7 14. c4 dxc4 15. Nxc4 Qe7 16. Rc1 Nd5 17. Ne5 Qg5 18. g3 a5 19. h4 Qh6 20. Nxc6 a4 21. Nc5 a3 22. b4 g5 23. hxg5 Qxg5 24. b5 h5 25. Nd7 Rfe8 26. b6 h4 27. Qf3 Bg4 28. gxh4 Qg7 29. Qg3 f5 30. b7 Qxd7 31. bxa8=Q Rxa8 32.
Ne5 Qg7 33. Nxg4 fxg4 34. Rxe6 Rf8 35. Re4 Nf6 36. Rf4 Re8 37. Qxa3 Nh5 38. Rf5 Qh6 39.
Rg5+ Kh8 40. Qb2 g3 41. d5+ Kh7 42. fxg3 Nxg3 43. Rxg3 Qb6+ 44. Qxb6 1-0

[Event "Early-Titled-Tuesday-Blitz-September-05-2023"]
[Site "Chess.com"]
[Date "2023.09.05"]
[Round "11"]
[White "unclear15"]
[Black "ChainedDowntohell"]
[Result "1-0"]
[WhiteElo "2475"]
[BlackElo "2558"]
[TimeControl "180+1"]
[EndTime "10:06:01 PDT"]
[Termination "unclear15 won by resignation"]

1. e4 c5 2. Nf3 d6 3. d4 cxd4 4. Nxd4 Nf6 5. Nc3 Bd7 6. Bc4 e5 7. Nf3 Be7 8. Bg5 O-O 9. Bxf6 Bxf6 10. Qxd6 Nc6 11. Nd5 Bg4 12. Nxf6+ gxf6 13. Qxd8 Rfxd8 14. c3 f5 15. Ng5 Kg7 16. f3 Bh5 17. exf5 h6 18. Ne4 f6 19. Nc5 Bf7 20. Bxf7 Kxf7 21. Nxb7 Rd5 22. Rd1 Rxd1+ 23. Kxd1 Ne7 24. g4 Nd5 25. Kc2 Ke7 26. b4 h5 27. h3 Rh8 28.
Kd3 Nf4+ 29. Kc4 Kd7 30. Nc5+ Kc6 31. Ne4 Rh6 32. Rd1 Kc7 33. Rd6 Nxh3 34. Rxf6 Rh8 35. g5 Ng1 36. g6 Nxf3 37. Rf7+ Kc6 38. b5+ Kb6 39. Nc5 Rc8 40. Rb7+ Ka5 41. Rxa7+ Kb6 42. Ra6+ Kc7 43. Rc6+ Kd8 44. Rxc8+ Kxc8 45. g7 Kc7 46. g8=Q h4 47. Qf7+ 1-0

[Event "Early-Titled-Tuesday-Blitz-September-05-2023"]
[Site "Chess.com"]
[Date "2023.09.05"]
[Round "11"]
[White "RIPOL"]
[Black "AlexandraSamaganova"]
[Result "1-0"]
[WhiteElo "2409"]
[BlackElo "2277"]
[TimeControl "180+1"]
[EndTime "10:06:02 PDT"]
[Termination "RIPOL won on time"]

1. d4 Nf6 2. c4 e6 3. Nc3 Bb4 4. f3 O-O 5. e4 d5 6. e5 Nfd7 7.
cxd5 exd5 8. f4 c5 9. Nf3 Nc6 10. Be3 cxd4 11. Nxd4 Nc5 12. Be2 Ne4 13. Rc1 Qa5 14. O-O Bxc3 15. bxc3 Nxc3 16. Qe1 Nxe2+ 17. Qxe2 Nxd4 18. Bxd4 Bf5 19. g4 Be4 20. f5 Rac8 21. h3 Qa3 22. Qe3 Qxa2 23. Rf2 Rxc1+ 24. Qxc1 Qb3 25.
Kh2 Qd3 26. Bb2 d4 27. f6 Bc6 28. Qg5 Qg6 29. Qxg6 hxg6 30. Bxd4 Rd8 31. Bxa7 Rd5 32.
Re2 Ra5 33. Bb6 Ra1 34. Bc7 Rh1+ 35. Kg3 Rg1+ 36. Kh4 Kh7 37. fxg7 Kxg7 38. Bd8 Kh6 39.
Bg5+ Kg7 40. Be3 Rh1 41. Bd4 Rd1 42. Bb2 Rd3 43. e6+ Kf8 44. e7+ Ke8 45. Bf6 Bd7 46. Ra2 Bc8 47. Ra8 1-0

[Event "Early-Titled-Tuesday-Blitz-September-05-2023"]
[Site "Chess.com"]
[Date "2023.09.05"]
[Round "11"]
[White "TC2304"]
[Black "Bilan_Danila"]
[Result "1/2-1/2"]
[WhiteElo "2353"]
[BlackElo "2521"]
[TimeControl "180+1"]
[EndTime "10:06:04 PDT"]
[Termination "Game drawn - insufficient material"]

1. c4 c6 2. d4 d5 3. cxd5 cxd5 4.
Bf4 Nf6 5. e3 Nc6 6. Nc3 Bg4 7.
Qb3 Na5 8. Bb5+ Bd7 9. Bxd7+ Qxd7 10. Qb5 Nc4 11. Nf3 e6 12. Ke2 a6 13. Qxd7+ Kxd7 14. Ne5+ Nxe5 15. Bxe5 b5 16. Rhc1 Bd6 17. Bxd6 Kxd6 18.
a4 b4 19. Na2 a5 20. f3 Rhc8 21. Rxc8 Rxc8 22. Kd3 Nd7 23. Rc1 Re8 24. f4 f6 25.
b3 e5 26. fxe5+ fxe5 27. Rf1 e4+ 28. Kd2 Nf6 29. Nc1 Rc8 30. Ne2 Ng4 31. h3 Rc2+ 32.
Ke1 Nxe3 33. Rf7 Rc7 34. Rf8 Nxg2+ 35. Kf2 Nh4 36. Ra8 Nf3 37. Ra6+ Rc6 38. Rxa5 Rc2 39. Ke3 g5 40. h4 h6 41. hxg5 hxg5 42. Ra8 Rxe2+ 43. Kxe2 Nxd4+ 44. Ke3 Nxb3 45. a5 Ke5 46. Re8+ Kd6 47. a6 d4+ 48. Kxe4 Nc5+ 49. Kxd4 Nxa6 50. Rg8 Nc7 51. Rxg5 Ne6+ 52. Kc4 Nxg5 53. Kxb4 1/2-1/2

[Event "Early-Titled-Tuesday-Blitz-September-05-2023"]
[Site "Chess.com"]
[Date "2023.09.05"]
[Round "11"]
[White "InadaC"]
[Black "ChEsper99"]
[Result "1-0"]
[WhiteElo "1830"]
[BlackElo "2159"]
[TimeControl "180+1"]
[EndTime "10:06:04 PDT"]
[Termination "InadaC won by resignation"]

1. d4 f6 2. c4 Kf7 3. Nc3 e6 4. e4 d6 5. h4 g6 6. h5 Bg7 7. hxg6+ hxg6 8. Rxh8 Bxh8 9. Nf3 Bg7 10. Be2 Ne7 11. d5 Qh8 12. Be3 Qh1+ 13. Bf1 e5 14. Qd2 Bg4 15. Qe2 Qh5 16. O-O-O Bh6 17. Kb1 Bxe3 18.
fxe3 Nd7 19. Qf2 a6 20. Be2 Nc5 21. Rf1 Ng8 22. g3 Rf8 23. b4 Nd7 24. Ng1 Bxe2 25. Ngxe2 Nh6 26. Qg2 Rh8 27. Rh1 Qg5 28. Nd1 Kg7 29. Kc2 Ng4 30. Rxh8 Kxh8 31. Kd3 f5 32. exf5 e4+ 33. Qxe4 Nde5+ 34. Kc3 gxf5 35. Qh1+ Kg7 36. Nf4 Kg8 37. Kb3 Nf6 38. Ne6 Qg4 39. Nd4 Qe4 40.
Qh6 Qd3+ 41. Nc3 Qxc4+ 42. Kb2 Nd3+ 43. Kc2 Nxb4+ 44. Kb2 Nd3+ 45. Kc2 Ne1+ 46. Kd1 Qd3+ 47. Kxe1 Qxc3+ 48. Ke2 Qb2+ 49. Kf3 Kf7 50. Qh1 Qb1 51.
Qxb1 1-0

[Event "Early-Titled-Tuesday-Blitz-September-05-2023"]
[Site "Chess.com"]
[Date "2023.09.05"]
[Round "11"]
[White "FeketeBarika"]
[Black "CrushingKings"]
[Result "1-0"]
[WhiteElo "2411"]
[BlackElo "2541"]
[TimeControl "180+1"]
[EndTime "10:06:05 PDT"]
[Termination "FeketeBarika won on time"]

1. Nf3 g6 2. g3 Bg7 3. Bg2 Nf6 4. O-O O-O 5. c4 d6 6. Nc3 Nbd7 7. Rb1 c5 8. d3 Rb8 9. a3 b6 10. Bd2 Bb7 11. b4 e6 12. e4 a6 13. b5 a5 14. Qb3 Ne5 15. Na4 Nfd7 16. Ng5 Qc7 17. Kh1 h6 18. Nh3 f5 19. Nf4 Rbe8 20. Qc2 Nf6 21.
Bc3 g5 22. Bxe5 dxe5 23. Ng6 Rf7 24. f4 exf4 25. gxf4 Ng4 26. Qe2 Kh7 27. exf5 Bxg2+ 28. Kxg2 Rxf5 29. Qxg4 Kxg6 30. Rbe1 Qd6 31. Qg3 Rxf4 32. Rxf4 Qxf4 33. Qxf4 gxf4 34. Nxb6 Kf5 35. Kf3 Bd4 36. Nd7 Rd8 37. Nb6 h5 38. Na4 h4 39. Re2 h3 40.
b6 Rg8 41. Re4 Rg2 42. Rxf4+ Ke5 43. Re4+ Kf5 44. Rf4+ Kg5 45. Rxd4 cxd4 46. b7 1-0

[Event "Early-Titled-Tuesday-Blitz-September-05-2023"]
[Site "Chess.com"]
[Date "2023.09.05"]
[Round "11"]
[White "miraitrunks"]
[Black "secretsuperstar7"]
[Result "0-1"]
[WhiteElo "2060"]
[BlackElo "2393"]
[TimeControl "180+1"]
[EndTime "10:06:07 PDT"]
[Termination "secretsuperstar7 won by resignation"]

1. e4 c5 2. Nc3 a6 3. a4 b6 4. Nge2 Bb7 5. g3 g6 6. Bg2 Bg7 7. O-O e5 8. f4 d6 9. d3 Ne7 10.
Be3 O-O 11. Qd2 Nbc6 12. f5 f6 13. Bh6 g5 14. Bxg7 Kxg7 15. g4 Rh8 16. Ng3 Nd4 17. Nh5+ Kf7 18. Ne2 Bc6 19. Nxd4 cxd4 20. Qb4 d5 21.
exd5 Nxd5 22. Qb3 Kf8 23. Rae1 Rc8 24. Rf2 Ne3 25. Qe6 Bxg2 26. Rxg2 Nxg2 27. Nxf6 Rc7 28. Rxe5 Re7 29. Nd7+ Rxd7 30. Qh6+ Kg8 31. f6 Nf4 32. Qxg5+ Ng6 33. f7+ Kxf7 34. Rf5+ Kg7 35. Qh5 Rf8 36. Rg5 Qf6 37. Rf5 Qe6 38. Qg5 Qe1+ 39. Kg2 Qe2+ 40. Kh1 Rxf5 41. gxf5 Qf1+ 42. Qg1 Qxg1+ 43. Kxg1 Ne7 0-1

[Event "Early-Titled-Tuesday-Blitz-September-05-2023"]
[Site "Chess.com"]
[Date "2023.09.05"]
[Round "11"]
[White "Polish_fighter3000"]
[Black "Parhamov"]
[Result "0-1"]
[WhiteElo "3082"]
[BlackElo "2951"]
[TimeControl "180+1"]
[EndTime "10:06:09 PDT"]
[Termination "Parhamov won on time"]

1. c4 e6 2. Nc3 d5 3. d4 Bb4 4. a3 Bxc3+ 5. bxc3 Nf6 6. cxd5 exd5 7. e3 O-O 8. Bd3 c5 9. Ne2 b6 10. O-O Ba6 11.
f3 Bxd3 12. Qxd3 Nc6 13. Ra2 Re8 14. Ng3 h5 15. Re2 Rc8 16. Bb2 cxd4 17. cxd4 g6 18. e4 h4 19. Nf5 gxf5 20. e5 Nh5 21. Qxf5 Ng7 22. Qg4 Re6 23. f4 Rg6 24. Qh3 Ne7 25. Qxh4 Qd7 26. Rf3 Nef5 27. Qf2 Qe7 28. h3 Nh4 29.
Rg3 Rcc6 30. Rxg6 Rxg6 31. g4 Rc6 32. Kh2 Rc4 33. f5 Qg5 34. e6 fxe6 35. fxe6 Rc7 36.
Re5 Qe7 37. Rxd5 Ng6 38. Rd7 Rxd7 39. exd7 Qxd7 40. d5 Qd6+ 41. Kg1 Nf4 42. Qe3 Nxd5 43. Qf3 Ne6 0-1